 Dungeon Crawl Stone Soup version 0.27.1-33-g824d729ab1 (webtiles) character file.

Game seed: 1269821757779471992

79309 CrazyMind the Carver (level 16, -2/114 HPs)
             Began as a Djinni Gladiator on Nov 28, 2021.
             Was a High Priest of Okawaru.
             Slain by a naga (26 damage)
             ... on level 3 of the Snake Pit.
             The game lasted 03:05:02 (40204 turns).

CrazyMind the Carver (Djinni Gladiator)            Turns: 40204, Time: 03:05:02

Health: -2/114     AC: 14    Str: 18    XL:     16   Next: 11%
Gold:   1692       EV: 19    Int: 10    God:    Okawaru [*****.] SH: 14 Dex: 23

rFire    + + +     SeeInvis .   D - +5 long sword
rCold    + . .     Faith    .   J - +0 buckler
rNeg     . . .     Spirit   .   M - +1 ring mail {rC+}
rPois    ∞         Reflect  +   c - +1 helmet
rElec    .         Harm     .   R - scarf {rC+ rF+}
rCorr    .         Rampage  .   z - +1 pair of gloves
Will     ++...                  (boots unavailable)
Stlth    +++.......             Y - amulet of reflection
HPRegen  0.29/turn              E - +6 ring of dexterity
MPRegen  0.00/turn              u - ring of willpower

@: heroic, finesse-ful, flying, constricted, studying Crossbows
A: sickness immunity, fire resistance 2, cold vulnerability 1, float, innate
caster, hp casting, extra vitality 1
a: Renounce Religion, Heroism, Finesse


You were on level 3 of the Snake Pit.
You worshipped Okawaru.
Okawaru was extremely pleased with you.
You visited 5 branches of the dungeon, and saw 23 of its levels.

You collected 2368 gold pieces.
You spent 676 gold pieces at shops.

Inventory:

Hand Weapons
 w - the +10 long sword "Emiamok" {vorpal, Contam rPois rC+ Dex+3}
   (Okawaru gifted it to you on level 2 of the Snake Pit)

   It inflicts extra damage upon your enemies.
   Dex:       It affects your dexterity (+3).
   rC:        It protects you from cold.
   rPois:     It protects you from poison.
   Contam:    It causes magical contamination when unequipped.
 y - a +0 scimitar of flaming
 D - a +5 long sword (weapon)
 Q - a +1 long sword of holy wrath
Missiles
 d - 5 throwing nets
 q - 15 silver boomerangs
 s - 22 atropa-tipped darts
 A - 7 boomerangs (quivered)
 F - 22 javelins
 H - 15 silver javelins
 K - 5 boomerangs of dispersal
 P - 34 poisoned darts
Armour
 c - a +1 helmet (worn)
 g - the +3 kite shield "Emamua" {Fly rN+ Stlth+}
   (You found it on level 11 of the Dungeon)

   rN:        It protects you from negative energy.
   Fly:       It grants you flight.
   Stlth:     It makes you more stealthy.
 t - a +2 robe of willpower
 z - a +1 pair of gloves (worn)
 J - a +0 buckler (worn)
 M - a +1 ring mail of cold resistance (worn)
 R - a scarf of resistance (worn)
Jewellery
 f - the amulet of Monotheism {Acrobat Str+4}
   (You acquired it on level 11 of the Dungeon)

   [amulet of the acrobat]

   It increases your evasion while moving and waiting.
   Str:       It affects your strength (+4).
 u - a ring of willpower (right hand)
 E - a +6 ring of dexterity (left hand)
 V - a ring of resist corrosion
 Y - an amulet of reflection (around neck)
Wands
 b - a wand of paralysis (24)
 e - a wand of flame (13)
 p - a wand of acid (11)
 L - a wand of charming (2)
Scrolls
 a - 3 scrolls of blinking
 j - 4 scrolls of enchant armour
 l - 3 scrolls of fear
 n - 5 scrolls of identify
 v - 9 scrolls of teleportation
 x - a scroll of vulnerability
 B - 2 scrolls of immolation
 I - a scroll of enchant weapon
 T - 2 scrolls of summoning
Potions
 h - 4 potions of attraction
 i - 8 potions of curing
 m - 3 potions of resistance
 o - 2 potions of lignification
 r - 4 potions of haste
 C - a potion of berserk rage
 G - 2 potions of cancellation
 N - a potion of mutation
 S - 2 potions of ambrosia
Miscellaneous
 O - a box of beasts
 W - a phantom mirror
 X - a phial of floods


   Skills:
 + Level 10.4(15.4) Fighting
 + Level 13.7(18.7) Long Blades
 + Level 8.4(13.4) Throwing
 + Level 9.4(14.4) Armour
 + Level 9.3(14.3) Dodging
 * Level 11.0(16.0) Shields
 + Level 8.3 Invocations
 + Level 1.5 Evocations


You couldn't memorise any spells.
You knew the following spells:

 Your Spells              Type           Power      Damage    Failure   Level
a - Freeze                Ice            0%         1d3       50%         1
b - Static Discharge      Conj/Air       0%         N/A       63%         2
c - Wereblood             Tmut           0%         N/A       63%         2
d - Stone Arrow           Conj/Erth      0%         3d7       86%         3
e - Metabolic Englaciati  Hex/Ice        0%         N/A       100%        5
f - Agony                 Necr           0%         N/A       100%        5
g - Statue Form           Tmut/Erth      0%         N/A       100%        6
Your spell library was empty.


Dungeon Overview and Level Annotations

Branches:
Dungeon (12/15)            Temple (1/1) D:6            Lair (6/6) D:11
 Shoals (0/4) Lair:2        Snake (3/4) Lair:3        Slime (0/5) Lair:5
    Orc (1/2) D:10

Altars:
Ashenzari
Cheibriados
Dithmenos
Elyvilon
Fedhas
Gozag
Hepliaklqana
Kikubaaqudgha
Makhleb
Nemelex Xobeh
Okawaru
Qazlal
Ru
Sif Muna
Trog
Uskayaw
Vehumet
Wu Jian
Xom
Yredelemnul
Zin
The Shining One
Jiyva

Shops:
D:7 *   D:10 ?   Snake:1 (   Snake:2 *   Snake:3 [*

Annotations:
D:12 Erolcha
Snake:3 Vashnia
Orc:1 exclusion: orc warlord


Innate Abilities, Weirdness & Mutations

You are immune to sickness and miasma.
You are immune to poison.
Your flesh is very heat resistant. (rF++)
You are vulnerable to cold. (rC-)
You float through the air rather than walking.
You learn spells naturally, not from books.
Your magical power is your life essence.
You have superior vitality. (+4 HP)


Message History

You completely miss the naga warrior.
The naga warrior is severely wounded.
The naga warrior spits poison at you.
The splash of poison hits you but does no damage.
You resist. The naga warrior constricts you.
You slash the naga warrior!
The naga warrior is almost dead.
You block the naga's attack. You block the naga warrior's attack.
The naga warrior constricts you.
You hit the naga warrior.
The naga warrior is almost dead.
You block the naga's attack.
You completely miss the naga warrior.
The naga warrior is almost dead.
You block the naga warrior's attack. The naga warrior constricts you.
You hit the naga warrior.
The naga warrior is almost dead.
You block the naga's attack. You block the naga warrior's attack.
The naga warrior constricts you.
You are too injured to fight recklessly!
You are too injured to fight recklessly!
You barely miss the naga warrior.
The naga warrior is almost dead.
You block the naga's attack.
The naga warrior's grasp on you weakens, but your attempt to escape fails.
You block the naga warrior's attack. The naga warrior constricts you.
The naga barely misses you.
You closely miss the naga warrior.
The naga warrior is almost dead.
The naga warrior hits you with a +0 long sword!
The naga warrior constricts you.
A naga mage comes into view. It is wielding a +0 halberd.
You hit the naga warrior.
The naga warrior is almost dead.
You block the naga's attack. You block the naga warrior's attack.
The naga warrior constricts you.
* * * LOW HITPOINT WARNING * * *
You can now deal lightning-fast blows.
The naga hits you from afar with a +0 halberd!!
You die...

#...# #. ##
#######.########. #.
.....#...#.......
######.
#.....∩.....###.
.......
###.#...#.### #.
..... ###.⌠.### #.
N.. ###.#...#.### #.
#N###.....∩[....# #.
#.N@....#...#.......
##########.#########
#...# ##.## #.# #.#
..#


You could see a naga warrior, a naga mage and a naga (strong).

Vanquished Creatures
  Kirke (Lair:5)
  Gastronok (D:12)
  Aizul (Snake:2)
  The ghost of nullMove the Severer, a journeyman HOFi of Gozag (Lair:5)
  Azrael (Snake:2)
  2 hydras
  6 naga warriors
  A boulder beetle (D:11)
  2 catoblepae
  4 anacondas
  4 two-headed ogres
  A deep troll shaman (Lair:6)
  11 death yaks
  3 naga sharpshooters
  2 shock serpents (Snake:2)
  A naga ritualist (Snake:2)
  A deep elf pyromancer (D:8)
  8 mana vipers
  A lindwurm (Lair:6)
  3 ugly things
  3 salamanders
  11 elephants
  3 merfolk sirens (Lair:2)
  12 black mambas
  3 guardian serpents
  2 kobold demonologists (D:9)
  7 naga magi
  3 rime drakes (Lair:6)
  12 cane toads
  An unseen horror (D:10)
  10 komodo dragons
  A merfolk (Lair:2)
  A red devil (D:12)
  2 trolls
  3 polar bears
  Grinder (D:4)
  16 blink frogs
  Sigmund (D:5)
  A wraith (D:12)
  4 shadows
  A wyvern (Lair:1)
  5 fire elementals (Snake:2)
  2 humans (Lair:5)
  2 basilisks
  3 fire bats (Lair:5)
  41 yaks
  A steam dragon (D:8)
  5 hogs
  A warg (D:10)
  23 nagas
  2 hell hounds (Snake:2)
  2 acid dragons
  9 water moccasins
  A sky beast (D:5)
  3 black bears
  13 orc warriors
  A hornet zombie (D:8)
  An ice beast (D:5)
  20 wolves
  2 necrophages (D:8)
  An ogre (D:6)
  A centaur (D:7)
  A phantom (D:4)
  4 kobold brigands
  15 bullfrogs
  A gnoll sergeant (D:8)
  A wyvern zombie (D:8)
  2 scorpions
  A water moccasin skeleton (D:6)
  4 killer bees (D:9)
  5 wights (D:8)
  2 centaur zombies
  A bullfrog zombie (D:4)
  3 jellies
  8 orc priests
  Crazy Yiuf (D:2)
  2 centaur skeletons (D:7)
  An iron imp (D:12)
  An iguana (D:3)
  9 orc wizards
  A hound skeleton (D:4)
  Robin (D:1)
  5 adders
  3 gnolls
  A shadow imp (D:5)
  4 white imps
  2 ufetubi
  An adder skeleton (D:4)
  A worm (D:2)
  2 dart slugs
  41 orcs
  8 endoplasms
  A giant cockroach (D:1)
  12 goblins
  12 hobgoblins
  6 jackals
  5 quokkas
  3 training dummies (Snake:1)
  4 ball pythons
  2 bats (D:1)
  4 frilled lizards
  12 kobolds
  2 rats (D:3)
487 creatures vanquished.

Vanquished Creatures (collateral kills)
  A torpor snail (Lair:6)
1 creature vanquished.

Vanquished Creatures (others)
  An orc (D:8)
  A bush (Lair:6)
  49 fungi
  67 plants
118 creatures vanquished.

Grand Total: 606 creatures vanquished

Notes
Turn   | Place    | Note
-------+----------+-------------------------------------------
     0 | D:1      | CrazyMind the Djinni Gladiator began the quest for the Orb.
     0 | D:1      | Reached XP level 1. HP: 18/18 MP: 0/0
   276 | D:1      | Found a faded altar of an unknown god.
   351 | D:1      | Reached XP level 2. HP: 21/23 MP: 0/0
   378 | D:1      | Reached skill level 3 in Long Blades
   607 | D:1      | Reached XP level 3. HP: 28/28 MP: 0/0
   607 | D:1      | Learned a level 1 spell: Freeze
  1687 | D:2      | Reached XP level 4. HP: 25/34 MP: 0/0
  1723 | D:2      | Reached skill level 1 in Armour
  2288 | D:1      | Reached XP level 5. HP: 12/39 MP: 0/0
  2288 | D:1      | Learned a level 2 spell: Static Discharge
  2727 | D:2      | Noticed Robin
  2964 | D:1      | Killed Robin
  2965 | D:1      | Reached skill level 4 in Long Blades
  3117 | D:2      | Found a runed translucent door.
  3118 | D:2      | Noticed Crazy Yiuf
  3737 | D:3      | Found a glowing golden altar of the Shining One.
  3737 | D:3      | Found a glowing silver altar of Zin.
  3738 | D:3      | Found a white marble altar of Elyvilon.
  3763 | D:3      | Found an ornate altar of the Wu Jian Council.
  3892 | D:4      | Reached XP level 6. HP: 45/45 MP: 0/0
  3941 | D:4      | Noticed a black bear
  4800 | D:5      | Entered Level 5 of the Dungeon
  4800 | D:5      | Noticed Sigmund
  4823 | D:5      | Noticed Grinder
  5049 | D:4      | Reached XP level 7. HP: 16/50 MP: 0/0
  5049 | D:4      | Learned a level 2 spell: Wereblood
  5604 | D:5      | Paralysed by Grinder for 5 turns
  5683 | D:3      | Reached skill level 5 in Long Blades
  6385 | D:5      | Noticed a two-headed ogre
  6664 | D:4      | Paralysed by Grinder for 5 turns
  6673 | D:4      | Killed Grinder
  6674 | D:4      | Reached XP level 8. HP: 26/58 MP: 0/0
  6878 | D:5      | Reached skill level 5 in Armour
  7112 | D:5      | Killed Sigmund
  7113 | D:5      | Reached skill level 6 in Long Blades
  7498 | D:6      | Found an opulent altar of Gozag.
  7664 | D:6      | Reached skill level 5 in Dodging
  7664 | D:6      | Reached XP level 9. HP: 57/63 MP: 0/0
  7664 | D:6      | Learned a level 3 spell: Stone Arrow
  7734 | D:6      | Found a staircase to the Ecumenical Temple.
  7740 | Temple   | Entered the Ecumenical Temple
  8193 | Temple   | Became a worshipper of Warmaster Okawaru
  9343 | D:7      | Reached skill level 7 in Long Blades
  9473 | D:7      | Noticed a two-headed ogre
  9570 | D:7      | Identified the +1 robe of the Endless Expanse {Regen+}
  9627 | D:7      | Found a large runed translucent door.
  9627 | D:7      | Found a large runed translucent door.
  9959 | D:7      | Found Axto Jar's Assorted Antiques.
  9968 | D:7      | Bought a shiny ring mail for 161 gold pieces
 10333 | D:8      | Reached * piety under Okawaru
 10334 | D:8      | Reached skill level 5 in Fighting
 10866 | D:7      | HP: 1/65 [acid (9)]
 10909 | D:8      | Noticed a deep elf pyromancer
 11701 | D:8      | Reached skill level 1 in Invocations
 11784 | D:8      | Reached skill level 8 in Long Blades
 12058 | D:8      | Killed a deep elf pyromancer
 12058 | D:8      | Reached ** piety under Okawaru
 12059 | D:8      | Reached skill level 1 in Shields
 12059 | D:8      | Reached XP level 10. HP: 66/70 MP: 0/0
 12594 | D:8      | Found a stormy altar of Qazlal.
 12827 | D:8      | You are sucked into a shaft and drop 3 floors!
 12840 | D:11     | Identified 2 scrolls of acquirement
 12840 | D:11     | Acquired a scarf of resistance
 13061 | D:11     | Acquired the amulet of Monotheism {Acrobat Str+4}
 13099 | D:11     | Identified the +3 kite shield "Emamua" {Fly rN+ Stlth+}
 13123 | D:10     | Entered Level 10 of the Dungeon
 13696 | D:9      | You are sucked into a shaft and drop 2 floors!
 13831 | D:9      | Noticed a two-headed ogre
 13851 | D:9      | Killed a two-headed ogre
 13851 | D:9      | Reached *** piety under Okawaru
 13852 | D:9      | Reached skill level 9 in Long Blades
 13887 | D:9      | Noticed a kobold demonologist
 13897 | D:9      | Noticed a rust devil
 13897 | D:9      | Killed a kobold demonologist
 13898 | D:9      | Reached XP level 11. HP: 75/76 MP: 0/0
 13898 | D:9      | Learned a level 5 spell: Metabolic Englaciation
 14011 | D:10     | Found Nezetuzi's Magic Scroll Boutique.
 14273 | D:10     | Bought a scroll of magic mapping for 59 gold pieces
 15131 | D:9      | Found a burning altar of Makhleb.
 15368 | D:9      | Reached **** piety under Okawaru
 16031 | D:10     | Received a gift from Okawaru
 16234 | D:10     | Found a staircase to the Orcish Mines.
 16410 | D:11     | Noticed a boulder beetle
 17013 | D:11     | Noticed a white ugly thing
 17040 | D:11     | Killed a white ugly thing
 17103 | D:11     | Found a staircase to the Lair.
 17349 | Lair:1   | Entered Level 1 of the Lair of Beasts
 17360 | Lair:1   | Reached ***** piety under Okawaru
 17450 | Lair:1   | Reached skill level 5 in Invocations
 17471 | Lair:1   | Reached skill level 10 in Long Blades
 17594 | Lair:1   | Reached skill level 5 in Shields
 18080 | Lair:1   | Reached XP level 12. HP: 84/84 MP: 0/0
 18306 | Lair:1   | Received a gift from Okawaru
 19315 | Lair:2   | Reached skill level 5 in Throwing
 19963 | Lair:2   | Found a staircase to the Shoals.
 20146 | Lair:2   | Reached skill level 11 in Long Blades
 20248 | Lair:3   | Noticed a death yak
 20248 | Lair:3   | Noticed a death yak
 20248 | Lair:3   | Noticed a death yak
 20467 | Lair:3   | Found a staircase to the Snake Pit.
 21823 | D:2      | Killed Crazy Yiuf
 22008 | D:5      | Killed a two-headed ogre
 22053 | D:7      | Killed a two-headed ogre
 22054 | D:7      | Reached XP level 13. HP: 43/92 MP: 0/0
 22054 | D:7      | Learned a level 5 spell: Agony
 22300 | D:7      | Found a hide-covered altar of Uskayaw.
 22564 | Orc:1    | Entered Level 1 of the Orcish Mines
 22730 | Orc:1    | Noticed an orc warlord
 22814 | D:12     | Noticed Gastronok
 22833 | D:12     | Killed Gastronok
 22833 | D:12     | Received a gift from Okawaru
 23157 | D:12     | Noticed Erolcha
 23207 | D:12     | Received a gift from Okawaru
 23892 | Lair:3   | Received a gift from Okawaru
 24144 | D:11     | Killed a boulder beetle
 24537 | Lair:4   | Noticed a catoblepas
 24886 | Lair:4   | Found an ornate altar of the Wu Jian Council.
 25340 | Lair:4   | Reached skill level 12 in Long Blades
 25341 | Lair:4   | Received a gift from Okawaru
 26021 | Lair:5   | Found a viscous altar of Jiyva.
 26021 | Lair:5   | Found a staircase to the Slime Pits.
 26025 | Lair:5   | Found a runed translucent door.
 26032 | Lair:5   | Noticed nullMove's ghost (journeyman HOFi)
 26061 | Lair:5   | Noticed a four-headed hydra
 26804 | Lair:4   | Acquired 979 gold pieces
 26924 | Lair:5   | Noticed Kirke
 27044 | Lair:4   | Reached XP level 14. HP: 20/99 MP: 0/0
 27987 | Lair:6   | Entered Level 6 of the Lair of Beasts
 28275 | Lair:6   | Identified the +9 double sword "Ysha Lov" {vorpal, rF+
                  | rCorr} (Okawaru gifted it to you on level 6 of the Lair of
                  | Beasts)
 28275 | Lair:6   | Received a gift from Okawaru
 30138 | Lair:6   | Received a gift from Okawaru
 30150 | Lair:6   | Received a gift from Okawaru
 30492 | Lair:6   | Reached skill level 13 in Long Blades
 31323 | Snake:1  | Entered Level 1 of the Snake Pit
 31330 | Snake:1  | Received a gift from Okawaru
 32380 | Snake:1  | Reached XP level 15. HP: 104/106 MP: 0/0
 32380 | Snake:1  | Learned a level 6 spell: Statue Form
 32880 | Snake:1  | Identified the +4 short sword "Oceqaw" {antimagic, Fly
                  | Str-4 Stlth+} (Okawaru gifted it to you on level 1 of the
                  | Snake Pit)
 32880 | Snake:1  | Received a gift from Okawaru
 33379 | Snake:1  | Reached skill level 10 in Shields
 33394 | Snake:1  | Found Atatiwk's Firing Range.
 35168 | Lair:5   | Reached skill level 1 in Evocations
 35307 | Lair:5   | Killed Kirke
 35591 | Lair:5   | Killed nullMove's ghost
 35591 | Lair:5   | Received a gift from Okawaru
 35592 | Lair:5   | Reached skill level 10 in Fighting
 36157 | Snake:2  | Received a gift from Okawaru
 38055 | Snake:2  | Received a gift from Okawaru
 38776 | Snake:2  | Found Limas's Mass Market.
 38803 | Snake:2  | Noticed Azrael
 38816 | Snake:2  | Killed Azrael
 38817 | Snake:2  | Reached XP level 16. HP: 105/114 MP: 0/0
 38820 | Snake:2  | Received a gift from Okawaru
 39652 | Snake:3  | Noticed Vashnia
 39697 | Snake:3  | Noticed Aizul
 39761 | Snake:2  | HP: 3/114 [Aizul (8)]
 39768 | Snake:2  | Killed Aizul
 39768 | Snake:2  | Identified the +10 long sword "Emiamok" {vorpal, Contam
                  | rPois rC+ Dex+3} (Okawaru gifted it to you on level 2 of
                  | the Snake Pit)
 39768 | Snake:2  | Received a gift from Okawaru
 40129 | Snake:3  | Found Genkygy's Antique Armour Boutique.
 40133 | Snake:3  | Found Joungoulu's General Store.
 40141 | Snake:3  | Bought a +1 pair of gloves for 126 gold pieces
 40141 | Snake:3  | Bought an amulet of reflection for 330 gold pieces
 40204 | Snake:3  | Slain by a naga

Illustrated notes

Levels and vault maps discovered:
D:1:      minmay_arrival_cross, layout_basic, shapermc_ecumenical_altar_gd
D:2:      layout_rooms, minmay_fractal_squares_5, uniq_crazy_yiuf_cottage,
          uniq_robin
D:3:      layout_rooms, good_gods_temple_1, nzn_wu_jian_council_hall,
          minmay_misc_feat_chi
D:4:      layout_loops_ring, kennysheep_generic_room_12
D:5:      layout_rooms, uniq_grinder, uniq_sigmund
D:6:      layout_basic, nicolae_gozag_cash_rules_everything_around_me,
          kiku_gazebo_garden_becter, minmay_temple_entry_fiery, minivault_26
D:7:      layout_rooms, jmf_multi_god_temple2, serial_shops,
          nicolae_lakefront_shop
D:8:      layout_loops_ring, mainiacjoe_overflow_24_doors, minmay_manual_mess
D:9:      layout_gridville, bloody_makhleb
D:10:     layout_small_grid, david_orc_4, nicolae_inconvenience_store
D:11:     layout_basic, lair_entry_dummy
D:12:     kennysheep_demon_hangout, layout_loops_cross, uniq_gastronok,
          uniq_erolcha, uniq_fannar
Temple:   minmay_temple_forest_path
Lair:1:   layout_long_grid, wad_woods_road_04
Lair:2:   layout_loops_ring, elwin_shoals_entry_stream
Lair:3:   layout_hall_layers, minmay_snake_entry_guardpost_small,
          chequers_serial_rivers_small_b, serial_bayou_shore_a,
          grunt_megastairs_3
Lair:4:   layout_hall_layers, basic_altar, infiniplex_staircase_pool_2
Lair:5:   layout_long_grid, slime_altar_1, ebering_ghost_reflecting_pool,
          nicolae_volcano_entry_batcave, grunt_megastairs_5, uniq_kirke
Lair:6:   grunt_lair_end_beastmaster, layout_misc_corridors
Snake:1:  layout_grid_maze, nicolae_shop_firing_range, serial_bayou_shore_b
Snake:2:  layout_layer_cave, minmay_shop_mass, uniq_azrael
Snake:3:  layout_layer_cave, basic_altar, grunt_ministairs_9,
          grunt_megastairs_1, minmay_shop_star, uniq_vashnia, uniq_aizul
Orc:1:    layout_diamond_mine, basic_altar

Skill      XL: |  1  2  3  4  5  6  7  8  9 10 11 12 13 14 15 16 |
---------------+-------------------------------------------------+-----
Long Blades    | 3 4 5 6 8 9 10 11 12 13 | 13.7
Armour         | 1 2 3 4 5 6 7 8 9 |  9.4
Fighting       | 3 4 5 6 7 8 9 10 | 10.4
Dodging        | 4 5 6 7 8 9 |  9.3
Throwing       | 2 4 5 6 7 8 |  8.4
Invocations    | 2 3 5 6 8 |  8.3
Shields        | 1 3 5 6 8 9 10 11 | 11.0
Evocations     | 1 |  1.5

Action                   |  1- 3 |  4- 6 |  7- 9 | 10-12 | 13-15 | 16-18 || total
-------------------------+-------+-------+-------+-------+-------+-------++-------
Melee: Long sword        |    85 |   220 |   304 |   613 |  1236 |   110 ||  2568
       Punch             |       |       |       |     3 |       |       ||     3
Throw: Stone             |     3 |    31 |     4 |     3 |       |       ||    41
       Throwing net      |       |     1 |     4 |       |       |       ||     5
       Boomerang         |       |       |    23 |   136 |   326 |       ||   485
       Javelin           |       |       |     3 |     9 |    11 |       ||    23
       Dart              |       |       |       |     2 |     3 |       ||     5
Invok: Heroism           |       |       |     4 |    22 |    45 |     4 ||    75
       Finesse           |       |       |       |       |     3 |     2 ||     5
Evoke: Wand              |       |       |       |       |    15 |     1 ||    16
  Use: Potion            |       |     2 |     3 |     2 |     3 |     4 ||    14
       Scroll            |       |       |    10 |    18 |    10 |       ||    38
 Stab: Sleeping          |     1 |       |       |       |       |       ||     1
       Petrifying        |       |       |       |       |     1 |       ||     1
       Petrified         |       |       |       |       |     1 |       ||     1
       Distracted        |       |       |       |       |       |     1 ||     1
Armor: Leather armour    |    22 |    10 |       |       |       |       ||    32
       Ring mail         |       |    75 |   119 |   141 |   176 |    11 ||   522
Dodge: Dodged            |    52 |   124 |   232 |   355 |   745 |    61 ||  1569
Block: Buckler           |       |       |       |    91 |   394 |    43 ||   528
       Reflection        |       |       |       |       |       |     1 ||     1
       Rpst.: Long sword |    17 |    33 |    65 |    93 |   165 |    14 ||   387
